 Dungeon Crawl Stone Soup version 0.30.1-11-g7821555f0a (webtiles) character file.

Game seed: 15213857881898704532

72 Qelan the Magician (level 4, -3/40 HPs)
             Began as a Djinni Hedge Wizard on Dec 6, 2023.
             Was a Believer of Hepliaklqana.
             Slain by a goblin
             ... wielding a +0 dagger
             ... led by Robin
              (5 damage)
             ... on level 3 of the Dungeon.
             The game lasted 00:14:09 (1816 turns).

Qelan the Magician (Djinni Hedge Wizard)            Turns: 1816, Time: 00:14:09

Health: -3/40      AC:  8    Str:  9    XL:     4   Next: 50%
Gold:   91         EV: 10    Int: 17    God:    Hepliaklqana [**....] SH:  5 Dex: 13

rFire   + + +        a - +1 dagger
rCold   x . .        (no shield)
rNeg    . . .        g - +0 ring mail
rPois   ∞            c - +0 hat
rElec   .            k - +2 cloak
rCorr   .            (no gloves)
SInv    .            (boots unavailable)
Will    .....        m - amulet of reflection Stlth
                     l - ring of protection from fire
HPRegen 0.26/turn    (no ring)
MPRegen 0.00/turn

%: reflection, infuse magic (-4 HP)
@: berserking, flying, very quick
A: reduced essence, sickness immunity, fire resistance 2, cold vulnerability 1,
float, innate caster, HP casting, extra vitality 1
a: Renounce Religion, Ancestor Life: Knight, Ancestor Life: Battlemage, Ancestor
Life: Hexer, Recall Ancestor, Ancestor Identity


You were on level 3 of the Dungeon.
You worshipped Hepliaklqana.
Hepliaklqana was pleased with you.
You visited 1 branch of the dungeon, and saw 3 of its levels.

You collected 91 gold pieces.

Inventory:

Hand Weapons
 a - a +1 dagger (weapon)
Armour
 c - a +0 hat (worn)
 e - a scarf of repulsion
 g - a +0 ring mail (worn)
 k - a +2 cloak (worn)
Jewellery
 l - a ring of protection from fire (left hand)
 m - an amulet of reflection (around neck)
Scrolls
 h - 2 scrolls of fog
Potions
 b - a potion of flight {unknown}
 d - a potion of attraction {unknown}
 f - a potion of degeneration {unknown}
 i - a potion of brilliance {unknown}
 n - a potion of heal wounds {unknown}


   Skills:
 + Level 0.4 Fighting
 + Level 1.0 Short Blades
 + Level 1.3 Armour
 + Level 2.5 Dodging
 + Level 1.7 Stealth
 + Level 0.1 Shields
 + Level 3.1 Spellcasting


You knew the following spells:

 Your Spells              Type           Power      Damage    Failure   Level
a - Magic Dart            Conj           52%        1d5       13%         1
b - Slow                  Hex            52%        N/A       13%         1
c - Blink                 Tloc           26%        N/A       21%         2
d - Call Imp              Summ           26%        N/A       21%         2
e - Mephitic Cloud        Conj/Pois/Air  13%        N/A       36%         3
f - Sting                 Tmut/Pois      52%        1d5       13%         1
Your spell library was empty.

Dungeon Overview and Level Annotations

Branches:
Dungeon (3/15)

Altars:
Hepliaklqana

Shops:
D:1 =

Annotations:
D:3 Robin


Innate Abilities, Weirdness & Mutations

Your life essence is reduced to manifest your ancestor. (-10% HP)
You are immune to sickness and miasma.
You are immune to poison.
Your flesh is very heat resistant. (rF++)
You are vulnerable to cold. (rC-)
You float through the air rather than walking.
You learn spells naturally, not from books.
Your magical power is your life essence.
You have superior vitality. (+4 MHP)


Message History

Things that are here:
a +0 dagger; a goblin corpse Unknown command.
The goblin hits you with a +0 dagger.
* * * LOW HITPOINT WARNING * * *
Robin says, "Kneel, worm!"
Robin throws the goblin at you!
You hit the goblin but do no damage.
Unknown command.
You hit the goblin.
The goblin is heavily wounded.
The hobgoblin no longer looks unusually strong.
You block the goblin's attack. The goblin hits you but does no damage.
The hobgoblin hits you.
* * * LOW HITPOINT WARNING * * *
The goblin closely misses you.
Robin roars a battlecry!
The hobgoblin goes into a battle-frenzy!
Eadburga hits the hobgoblin.
A red film seems to cover your vision as you go berserk!
You feel yourself moving faster!
You feel mighty!
The goblin no longer looks unusually strong.
The hobgoblin no longer looks unusually strong.
The goblin closely misses you. The goblin hits you but does no damage.
The hobgoblin completely misses you. The goblin hits you but does no damage.
Robin says, "A pitiful Djinni like you will never find the ORB!"
Robin throws the goblin at you!
You closely miss the goblin.
The goblin is moderately wounded.
The hobgoblin no longer looks unusually strong.
The goblin hits you with a +0 dagger.
* * * LOW HITPOINT WARNING * * *
The goblin hits you but does no damage.
The hobgoblin closely misses Eadburga.
You block the goblin's attack. The goblin barely misses you.
The hobgoblin hits you but does no damage.
Eadburga barely misses the goblin.
You puncture the goblin!
You kill the goblin!
The goblin hits you with a +0 dagger.
You die...

#########+#### ..............
.g.........#.# #.
...........#.# #.
...........#.# #..##..###
..........g#'#######..#.. ..#
........)gg)@g......#... #.#
..........Rggg......#...###.#
...........gg.......#.#>....#
###########.........#.##.....
#.............##.....
#.............†.....)
#.............##.....
#.............##.....
#.............##.....


You could see the friendly Eadburga the ancestor, Robin, 4 hobgoblins and 4
goblins.

Vanquished Creatures
  An adder (D:2)
  A bat (D:2)
  4 endoplasms
  A giant cockroach (D:1)
  8 goblins
  3 hobgoblins
  6 jackals (D:3)
  A quokka (D:2)
  A ball python (D:1)
  3 kobolds
  3 rats
32 creatures vanquished.

Vanquished Creatures (collateral kills)
  An adder (D:2)
  A dart slug (D:2)
  A ball python (D:1)
  An endoplasm (D:2)
  2 giant cockroaches (D:2)
  A goblin (D:2)
  3 jackals
  A quokka (D:2)
  A bat (D:1)
  2 rats
14 creatures vanquished.

Vanquished Creatures (others)
  An endoplasm (D:2)
1 creature vanquished.

Grand Total: 47 creatures vanquished

Notes
Turn   | Place    | Note
-------+----------+-------------------------------------------
     0 | D:1      | Qelan the Djinni Hedge Wizard began the quest for the Orb.
     0 | D:1      | Qelan set off with the following spells memorised: Magic
                  | Dart, Slow, Blink, Call Imp, Mephitic Cloud.
     0 | D:1      | Reached XP level 1. HP: 15/15 MP: 0/0
     3 | D:1      | Noticed an electric eel
     6 | D:1      | Noticed an electric eel
   217 | D:1      | Found Vyretyck's Jewellery Emporium.
   443 | D:1      | Reached XP level 2. HP: 3/21 MP: 0/0
   536 | D:1      | Found a faded altar of an unknown god.
   552 | D:1      | Prayed at the altar of an unknown god.
   552 | D:1      | Became a worshipper of Hepliaklqana the Forgotten
   552 | D:1      | Reached * piety under Hepliaklqana
  1104 | D:2      | Reached skill level 3 in Spellcasting
  1104 | D:2      | Reached XP level 3. HP: 15/22 MP: 0/0
  1104 | D:2      | Learned a level 1 spell: Sting
  1285 | D:2      | Reached skill level 1 in Armour
  1396 | D:2      | Reached XP level 4. HP: 27/27 MP: 0/0
  1435 | D:2      | Reached skill level 1 in Short Blades
  1674 | D:3      | Reached ** piety under Hepliaklqana
  1797 | D:3      | Noticed Robin
  1815 | D:3      | HP: 2/40 [goblin/+0 dagger[Robin] (2)]
  1816 | D:3      | Slain by a goblin

Illustrated notes

Levels and vault maps discovered:
D:1:      arrival_aquarium_b, layout_loops_ring, serial_shops,
          nicolae_shop_behind_doors, basic_ecumenical_altar, grunt_decor_clamped
D:2:      minmay_evil_eye, layout_rooms, basic_altar
D:3:      layout_basic, uniq_robin

Skill      XL: |  1  2  3  4 |
---------------+-------------+-----
Spellcasting   | 3 |  3.1
Armour         | 1 |  1.3
Short Blades   | 1 |  1.0
Fighting       | |  0.4
Dodging        | |  2.5
Stealth        | |  1.7
Shields        | |  0.1

Action                     |  1- 3 |  4- 6 || total
---------------------------+-------+-------++-------
  Melee: Dagger            |    65 |    60 ||   125
         Punch             |       |     1 ||     1
   Cast: Magic Dart        |    11 |     2 ||    13
    Use: Scroll            |     8 |       ||     8
         Potion            |       |     1 ||     1
   Stab: Distracted        |       |     1 ||     1
 Armour: Ring mail         |    30 |    25 ||    55
         Robe              |     1 |       ||     1
  Dodge: Dodged            |    46 |    33 ||    79
  Block: Other             |     2 |    21 ||    23
